 Dungeon Crawl Stone Soup version 0.25.1-2-g60ff931df9 (webtiles) character file.

Game seed: 10388019263495219890

118 selver the Stinger (level 4, -6/33 HPs)
             Began as a Draconian Venom Mage on Oct 27, 2020.
             Splashed by Ijyb's acid (14 damage)
             ... on level 3 of the Dungeon.
             The game lasted 00:07:35 (2128 turns).

selver the Stinger (Draconian Venom Mage)           Turns: 2128, Time: 00:07:37

Health: -6/33      AC:  1    Str: 10    XL:     4   Next: 72%
Magic:  0/8        EV: 12    Int: 17    God:
Gold:   164        SH:  0    Dex: 11    Spells: 6/9 levels left

rFire    . . .     SeeInvis .   e - +4 hand axe (elec)
rCold    . . .     Gourm    .   (no shield)
rNeg     . . .     Faith    .   (armour unavailable)
rPois    .         Spirit   .   (helmet restricted)
rElec    .         Reflect  .   (no cloak)
rCorr    .         Harm     .   (no gloves)
MR       .....                  (no boots)
Stlth    ++........             (no amulet)
HPRegen  0.11/turn              (no ring)
MPRegen  0.11/turn              (no ring)

@: corroded
A: unfitting armour, cold-blooded, AC +5
a: no special abilities


You were on level 3 of the Dungeon.
You were near starving.

You visited 1 branch of the dungeon, and saw 3 of its levels.

You collected 164 gold pieces.

Inventory:

Hand Weapons
 e - a +4 hand axe of electrocution (weapon)
Scrolls
 a - a scroll of amnesia {unknown}
 c - a scroll of enchant weapon {unknown}
 d - a scroll of identify
 g - a scroll of magic mapping {unknown}
 h - 2 scrolls of teleportation {unknown}
 j - a scroll of fear {unknown}
 m - a scroll of enchant armour {unknown}
 n - a scroll of immolation
 o - a scroll of blinking {unknown}
Potions
 f - a potion of resistance {unknown}
Comestibles
 b - 5 rations
 l - 3 chunks of flesh


   Skills:
 - Level 1.7 Dodging
 - Level 1.7 Stealth
 + Level 3.1 Spellcasting
 - Level 1.0 Transmutations
 * Level 4.8 Poison Magic


You had 6 spell levels left.
You knew the following spells:

 Your Spells              Type           Power        Failure   Level  Hunger
a - Sting                 Tmut/Pois      ##..         5%          1    None
b - Poisonous Vapours     Pois/Air       ##....       10%         2    ##.....

Your spell library contained the following spells:

 Spells                   Type           Power        Failure   Level  Hunger
 Ignite Poison            Fire/Tmut/Pois #.......     24%         3    ###....
 Olgreb's Toxic Radiance  Pois           ###.....     24%         4    ####...
 Mephitic Cloud           Conj/Pois/Air  #.......     26%         3    ###....


Dungeon Overview and Level Annotations

Branches:
Dungeon (3/15)

Altars:

Annotations:
D:3 1 runed translucent door, Ijyb; ew1980's ghost, amateur MiFi


Innate Abilities, Weirdness & Mutations

Your plain brown scales are hard. (AC +5)
You cannot fit into any form of body armour.
You are cold-blooded and may be slowed by cold attacks.


Message History

You are splashed with acid!
* * * LOW HITPOINT WARNING * * *
You feel much better. Ijyb hits you.
You barely miss Ijyb.
Ijyb is severely wounded.
Ijyb closely misses you.
Ijyb zaps a wand.
The bolt of acid hits you! The acid corrodes you!
You are splashed with acid!
* * * LOW HITPOINT WARNING * * *
You feel much better. Ijyb closely misses you.
Casting: Poisonous Vapours (safe; 10% risk of failure)
Confirm with . or Enter, or press ? or * to list all spells.
You don't have enough magic to cast that spell.
You feel better. Ijyb barely misses you.
You closely miss Ijyb.
Ijyb is severely wounded.
Ijyb zaps a wand.
The bolt of acid hits you!!
Ouch! That really hurt!
* * * LOW HITPOINT WARNING * * *
You are splashed with acid!
You die...

.........
...####.# #
.o..{...# ##.
...g....# ...
.....#..# #.#
##.###..# #.#
# #..# #g#
#... #@####
#.## #....#.#
#. ####.#.# #
.^ #.#.#.#
##. #.#.#.#
..
#####.....###
.#
#............
#####...####.
#####...#


You could see Ijyb (poisoned).

Vanquished Creatures
  An orc priest (D:2)
  2 adders
  An ooze (D:1)
  3 dart slugs
  3 leopard geckos
  8 orcs
  3 giant cockroaches
  4 goblins
  4 hobgoblins
  5 jackals (D:2)
  A quokka (D:2)
  A ball python (D:2)
  5 bats
  4 frilled lizards
  2 kobolds
  2 rats
49 creatures vanquished.

Notes
Turn   | Place    | Note
-------+----------+-------------------------------------------
     0 | D:1      | selver the Draconian Venom Mage began the quest for the
                  | Orb.
     0 | D:1      | Reached XP level 1. HP: 14/14 MP: 3/3
   263 | D:1      | Reached XP level 2. HP: 19/20 MP: 5/5
   350 | D:1      | You fall into a shaft and drop 1 floor!
   394 | D:2      | Learned a level 2 spell: Poisonous Vapours
   701 | D:1      | Reached XP level 3. HP: 25/26 MP: 6/6
   881 | D:2      | Reached skill level 4 in Poison Magic
  1128 | D:2      | Reached XP level 4. HP: 33/33 MP: 0/8
  1855 | D:3      | Found a runed translucent door.
  1855 | D:3      | Noticed ew1980's ghost (amateur MiFi)
  2119 | D:3      | Noticed Ijyb
  2128 | D:3      | Splashed by Ijyb's acid

Illustrated notes

Levels and vault maps discovered:
D:1:      lightli_molten_gateway, layout_basic
D:2:      layout_basic
D:3:      layout_loops_ring, ebering_ghost_inner_flame,
          lightli_sewer_entry_pipes, uniq_robin, uniq_ijyb

Skill      XL: |  1  2  3  4 |
---------------+-------------+-----
Poison Magic   | 4 |  4.8
Spellcasting   | 3 |  3.1
Dodging        | |  1.7
Stealth        | |  1.7
Transmutations | |  1.0

Action                   |  1- 3 |  4- 6 || total
-------------------------+-------+-------++-------
Melee: Unarmed           |    29 |       ||    29
       Tailslap          |     3 |     3 ||     6
       Hand axe          |    30 |    41 ||    71
 Cast: Sting             |    13 |    11 ||    24
       Poisonous Vapours |     4 |     6 ||    10
  Use: Potion            |       |     3 ||     3
       Scroll            |       |     2 ||     2
 Stab: Sleeping          |     2 |     3 ||     5
  Eat: Chunk             |     1 |     2 ||     3
Armor: Skin              |    22 |     8 ||    30
Dodge: Dodged            |    47 |    36 ||    83
